 Dungeon Crawl Stone Soup version 0.22-a0-231-g75390ab (webtiles) character file.

345 Wolfechu the Basher (level 6, -3/51 HPs)
             Began as a Minotaur Chaos Knight on Mar 18, 2018.
             Slain by a sun demon (5 damage)
             ... summoned by Xom
             ... on level 4 of the Dungeon.
             The game lasted 00:07:09 (2901 turns).

Wolfechu the Basher (Minotaur Chaos Knight)         Turns: 2901, Time: 00:07:09

Health: -3/51      AC:  6    Str: 18    XL:     6   Next: 32%
Magic:  5/5        EV: 11    Int:  9    God:    Xom [..*...]
Gold:   127        SH:  0    Dex: 10    Spells: 5/5 levels left

rFire    + . .     SeeInvis .   a - +1 whip (elec)
rCold    . . .     Gourm    .   (no shield)
rNeg     . . .     Faith    .   b - +2 leather armour
rPois    .         Spirit   .   (helmet restricted)
rElec    .         Reflect  .   (no cloak)
rCorr    .         Harm     .   k - +0 pair of gloves
MR       .....                  (no boots)
Stlth    +.........             (no amulet)
HPRegen  0.17/turn              g - ring of protection from fire
MPRegen  0.09/turn              (no ring)

@: no status effects
A: retaliatory headbutt, horns 2
a: Renounce Religion


You were on level 4 of the Dungeon.
You worshipped Xom.
You were a toy of Xom.
You were not hungry.

You visited 1 branch of the dungeon, and saw 4 of its levels.

You collected 127 gold pieces.

Notes
Turn   | Place    | Note
-------+----------+-------------------------------------------
     0 | D:1      | Wolfechu the Minotaur Chaos Knight began the quest for the Orb.
     0 | D:1      | Reached XP level 1. HP: 19/19 MP: 0/0
    14 | D:1      | XOM: potion effect (curing)
    17 | D:1      | Reached skill level 4 in Maces & Flails
   151 | D:1      | Reached XP level 2. HP: 26/26 MP: 1/1
   205 | D:1      | XOM: divination: detect items
   348 | D:1      | XOM: divination: magic mapping
   447 | D:1      | XOM: silly message
   579 | D:1      | XOM: smoke on damage
   737 | D:1      | XOM: noise
   874 | D:2      | XOM: cast spell 'Summon Small Mammal'
   878 | D:2      | Huge Dmg: 7 dmg
   880 | D:2      | Huge Dmg: 4 dmg
   880 | D:2      | Reached skill level 5 in Maces & Flails
   880 | D:2      | Reached XP level 3. HP: 16/31 MP: 2/2
   889 | D:2      | XOM: harmless Tmut miscast
   932 | D:2      | Found a glowing golden altar of the Shining One.
   932 | D:2      | XOM: 6-stop teleportation journey
   972 | D:2      | XOM: god gift: robe {god gift}
  1043 | D:2      | XOM: silly message
  1390 | D:2      | XOM: divination: detect items
  1490 | D:2      | XOM is BORED!
  1490 | D:2      | XOM: medium Fire miscast
  1491 | D:2      | Huge Dmg: 7 dmg
  1804 | D:3      | Huge Dmg: 7 dmg
  1811 | D:3      | XOM: divination: detect items
  1825 | D:3      | Huge Dmg: 7 dmg
  1837 | D:3      | XOM: divination: detect items
  1975 | D:3      | Noticed GeneX's ghost (amateur HOBe)
  1980 | D:3      | Huge Dmg: 13 dmg
  1981 | D:3      | Huge Dmg: 9 dmg
  1984 | D:3      | XOM: harmless Chrm miscast
  1985 | D:3      | Huge Dmg: 8 dmg
  1988 | D:3      | Huge Dmg: 7 dmg
  1990 | D:3      | Huge Dmg: 4 dmg
  1991 | D:3      | Huge Dmg: 4 dmg
  1992 | D:3      | Killed GeneX's ghost
  1992 | D:3      | Reached skill level 8 in Maces & Flails
  1992 | D:3      | Reached XP level 4. HP: 9/39 MP: 3/3
  1992 | D:3      | Reached XP level 5. HP: 10/45 MP: 4/4
  1992 | D:3      | Reached XP level 6. HP: 12/51 MP: 5/5
  2233 | D:3      | Found an opulent altar of Gozag.
  2233 | D:3      | XOM: 2-stop teleportation journey
  2698 | D:3      | XOM: harmless Ice miscast
  2824 | D:4      | XOM: 5-stop teleportation journey
  2895 | D:4      | XOM: summons 3 hostile demons
  2896 | D:4      | Noticed a sun demon
  2897 | D:4      | Huge Dmg: 32 dmg
  2901 | D:4      | Xom revived you
  2901 | D:4      | Slain by a sun demon

Inventory:

Hand Weapons
 a - a +1 whip of electrocution (weapon)
 d - a +0 mace of chaos
 q - a +2 mace of crushing
Missiles
 h - 4 poisoned needles
Armour
 b - a +2 leather armour (worn)
 k - a +0 pair of gloves (worn)
 l - a +0 plate armour
Jewellery
 g - a ring of protection from fire (left hand)
Wands
 m - a wand of polymorph (7)
Scrolls
 i - a scroll of teleportation
 j - 4 scrolls of recharging
Potions
 e - a potion of resistance
 f - 2 potions of curing
 o - a potion of heal wounds
Comestibles
 c - 8 rations

Table legend:
 A = Turns spent in this place as a percentage of turns spent in the entire game.
 B = Non-inter-level travel turns spent in this place as a percentage of non-inter-level travel turns spent in the entire game.
 C = Inter-level travel turns spent in this place as a percentage of turns spent in this place.
 D = Turns resting spent in this place as a percentage of non-inter-level travel turns spent in this place.
 E = Turns spent auto-exploring this place as a percentage of non-inter-level travel turns spent in this place.
 F = Non-inter-level travel turns spent in this place divided by the number of levels of this place that you've seen.
                   A       B       C       D       E      F
               +-------+-------+-------+-------+-------+----------------------
         Total | 100.0 | 100.0 |   2.6 |   0.0 |  80.6 | 706.5
       Dungeon | 100.0 | 100.0 |   2.6 |   0.0 |  80.6 | 706.5
               +-------+-------+-------+-------+-------+----------------------


   Skills:
 - Level 3.6 Fighting
 + Level 8.6 Maces & Flails
 - Level 2.4 Armour
 - Level 1.1 Dodging


You had 5 spell levels left.
You didn't know any spells.

Dungeon Overview and Level Annotations

Branches:
Dungeon (4/15)
 Temple: D:4-7

Altars:
Gozag
The Shining One


Innate Abilities, Weirdness & Mutations

You reflexively headbutt those who attack you in melee.
You have a pair of horns on your head.


Message History

Unknown command.
You hit the tengu.
The tengu is lightly wounded.
The tengu barely misses you. You furiously retaliate!
You headbutt the tengu! The tengu completely misses you.
The tengu closely misses you.
The sun demon hits you but does no damage.
Unknown command.
You closely miss the tengu.
The tengu is moderately wounded.
The adder closely misses you. The tengu barely misses you.
You furiously retaliate!
You headbutt the tengu, but do no damage.
The tengu barely misses you. The tengu closely misses you.
The sun demon hits you!!
You die... "NOOOOOOO, not my toy!"
Xom revives you!
You are engulfed in flames.
You resist.
You die...
Xom thinks this is hilarious!

.... ....... .... ........ ###.
###+######### ###+
#............ #...
#.........).. #...
#............ ####### #..#
###............
#...<#..##..###+#.....###'#####
#....#......5QH.#.....+...#....
#....'...)...3S.#.....#...#....
#......######5.##.....###.###..
#.....# ##..........#.#####
#...O.# #..........#......
#.....# #..........#......
#....?## #..........#######
#......# #.######..... #)....#
#.. ......


You could see a sun demon, a tengu, a quasit, an adder and a white imp.

Table legend:
 A = Kills in this place as a percentage of kills in entire the game.
 B = Kills by you in this place as a percentage of kills by you in the entire game.
 C = Kills by friends in this place as a percentage of kills by friends in the entire game.
 D = Other kills in this place as a percentage of other kills in the entire game.
 E = Experience gained in this place as a percentage of experience gained in the entire game.
 F = Experience gained in this place divided by the number of levels of this place that you have seen.
                   A       B       C       D       E      F
               +-------+-------+-------+-------+-------+----------------------
         Total | 100.0 | 100.0 |   N/A |   N/A | 100.0 | 123.5
       Dungeon | 100.0 | 100.0 |   N/A |   N/A | 100.0 | 123.5
               +-------+-------+-------+-------+-------+----------------------

Vanquished Creatures
  The ghost of GeneX the Chopper, an amateur HOBe of Trog (D:3)
  A hound (D:4)
  2 adders
  2 oozes (D:2)
  2 worms (D:3)
  2 leopard geckos (D:3)
  3 orcs
  A ball python (D:1)
  6 giant cockroaches
  5 goblins
  9 hobgoblins
  2 jackals (D:3)
  2 kobolds
  A quokka (D:2)
  10 bats
  3 frilled lizards (D:3)
  5 rats
57 creatures vanquished.

Action                   |  1- 3 |  4- 6 || total
-------------------------+-------+-------++-------
Melee: Mace              |    78 |       ||    78
       Headbutt          |     6 |     5 ||    11
       Whip              |    30 |    35 ||    65
Evoke: Wand              |       |     1 ||     1
  Use: Scroll            |     5 |     5 ||    10
       Potion            |     1 |       ||     1
 Stab: Paralysed         |     1 |       ||     1
  Eat: Chunk             |     3 |     3 ||     6
Armor: Leather armour    |    44 |     9 ||    53
Dodge: Dodged            |    56 |    27 ||    83
